 Dungeon Crawl Stone Soup version 0.29.1-2-gbd0b4ee654 (webtiles) character file.

Game seed: 3489661027821851198

172 RascalDebosk the Magician (level 5, -4/39 HPs)
             Began as a Djinni Air Elementalist on Oct 25, 2022.
             Slain by Edmund
             ... wielding a +2 dire flail of protection
              (13 damage)
             ... on level 4 of the Dungeon.
             The game lasted 00:21:53 (3926 turns).

RascalDebosk the Magician (Djinni Air Elementalist) Turns: 3926, Time: 00:21:54

Health: -4/39      AC:  2    Str: 13    XL:     5   Next: 83%
Gold:   284        EV: 12    Int: 19    God:
                   SH:  0    Dex: 13

rFire   + + .      SeeInvis .   g - staff of air
rCold   x . .      Faith    .   (no shield)
rNeg    . . .      Spirit   .   a - +0 robe
rPois   ∞          Reflect  .   (no helmet)
rElec   +          Harm     .   (no cloak)
rCorr   +          Rampage  .   (no gloves)
Will    .....                   (boots unavailable)
Stlth   ++........              (no amulet)
HPRegen 0.13/turn               b - +6 ring of strength
MPRegen 0.00/turn               v - ring of resist corrosion

@: flying, very slightly contaminated
A: sickness immunity, fire resistance 2, cold vulnerability 1, float, innate
caster, HP casting, extra vitality 1
a: no special abilities


You were on level 4 of the Dungeon.
You visited 1 branch of the dungeon, and saw 4 of its levels.

You collected 284 gold pieces.

Inventory:

Armour
 a - a +0 robe (worn)
Magical Staves
 g - a staff of air (weapon)
Jewellery
 b - a +6 ring of strength (left hand)
 v - a ring of resist corrosion (right hand)
Scrolls
 c - a scroll of blinking {unknown}
 e - 2 scrolls of brand weapon {unknown}
 f - a scroll of noise {unknown}
 k - a scroll of poison {unknown}
 l - 2 scrolls of teleportation {unknown}
 m - 3 scrolls of identify {unknown}
 r - a scroll of summoning {unknown}
 s - a scroll of silence {unknown}
 t - a scroll of immolation {unknown}
 u - 3 scrolls of amnesia {unknown}
Potions
 d - a potion of mutation {unknown}
 h - a potion of heal wounds
 i - a potion of haste {unknown}
 j - 2 potions of attraction {unknown}
 n - a potion of curing {unknown}
 o - 4 potions of ambrosia {unknown}
 p - a potion of brilliance {unknown}
 q - 2 potions of berserk rage {unknown}


   Skills:
 + Level 2.6 Fighting
 + Level 0.2 Staves
 - Level 2.1 Dodging
 - Level 1.5 Stealth
 * Level 4.0 Spellcasting


You couldn't memorise any spells.
You knew the following spells:

 Your Spells              Type           Power      Damage    Failure   Level
a - Shock                 Conj/Air       100%       1d9       2%          1
b - Static Discharge      Conj/Air       29%        3-7/arc   3%          2
c - Swiftness             Air            29%        N/A       8%          3
d - Airstrike             Air            14%        2d(3-19)  26%         4
e - Magic Dart            Conj           76%        1d6       2%          1
f - Searing Ray           Conj           38%        2d5       3%          2
Your spell library was empty.

Dungeon Overview and Level Annotations

Branches:
Dungeon (4/15)
 Temple: D:4-7

Altars:
Gozag

Annotations:
D:4 Edmund


Innate Abilities, Weirdness & Mutations

You are immune to sickness and miasma.
You are immune to poison.
Your flesh is very heat resistant. (rF++)
You are vulnerable to cold. (rC-)
You float through the air rather than walking.
You learn spells naturally, not from books.
Your magical power is your life essence.
You have superior vitality. (+4 MHP)


Message History

The orc is almost dead.
Aiming: Shock (safe; 2% risk of failure)
Press: ? - help, Q - select action, (/) - cycle Shift-Dir - straight line, f/p - orc
Aim: an orc, wielding a +0 whip and wearing a +0 chain mail (almost dead, 81% to hit)
You feel a surge of power!
The zap hits the orc.
You kill the orc!
Things that are here:
a +0 whip; a +0 chain mail; an orc corpse
Things that are here:
a +0 whip; a +0 chain mail; an orc corpse
Things that are here:
a +0 war axe; a +2 dagger of speed; an orc skeleton You see here a quokka skeleton.
Found a book of Dangerous Friends.
Found 5 poisoned darts.
You now have 284 gold pieces (gained 16).
Found an escape hatch in the ceiling.
You see here 5 poisoned darts.
Edmund the Younger comes into view.
He is wielding a +2 dire flail of protection and wearing a +0 leather armour of cold resistance.
Found a robe.
Edmund shouts!
Casting: Shock (safe; 2% risk of failure)
Confirm with . or Enter, or press ? or * to list all spells.
The spell is extremely dangerous to miscast (26% risk of failure)!
Continue anyway?
Aiming: Airstrike (extremely dangerous; 26% risk of failure)
Press: ? - help, Dir - move target, f - Edmund
Aim: Edmund, wielding a +2 dire flail of protection and wearing a +0 leather armour of cold resistance (empty space bonus: 4/8)
You feel a surge of power!
You miscast Airstrike.
You are very lightly contaminated with residual magic.
Nothing appears to happen.
Casting: Airstrike (extremely dangerous; 26% risk of failure)
Confirm with . or Enter, or press ? or * to list all spells.
The spell is extremely dangerous to miscast (26% risk of failure)!
Continue anyway?
Aiming: Airstrike (extremely dangerous; 26% risk of failure)
Press: ? - help, Dir - move target, f/p - Edmund
Aim: Edmund, wielding a +2 dire flail of protection and wearing a +0 leather armour of cold resistance (empty space bonus: 3/8)
You feel a surge of power!
The air twists around and strikes Edmund but does no damage.
Edmund says, "You wouldn't believe how much I paid for this flail."
Aiming: Shock (safe; 2% risk of failure)
Press: ? - help, Q - select action, (/) - cycle Shift-Dir - straight line, f/p - Edmund
Aim: Edmund, wielding a +2 dire flail of protection and wearing a +0 leather armour of cold resistance (74% to hit)
You feel a surge of power!
The zap hits Edmund!
Edmund is moderately wounded.
Aiming: Shock (safe; 2% risk of failure)
Press: ? - help, Q - select action, (/) - cycle Shift-Dir - straight line, f/p - Edmund
Aim: Edmund, wielding a +2 dire flail of protection and wearing a +0 leather armour of cold resistance (moderately wounded, 74% to hit)
You feel a surge of power!
The zap hits Edmund but does no damage.
Edmund is moderately wounded.
Casting: Shock (safe; 2% risk of failure)
Confirm with . or Enter, or press ? or * to list all spells.
You feel a surge of power!
Edmund is struck by an arc of lightning.
Edmund is moderately wounded.
You resist.
You are struck by an arc of lightning.
Edmund is struck by an arc of lightning.
Edmund is heavily wounded.
The lightning grounds out.
Edmund hits you with a +2 dire flail of protection!
* * * LOW HITPOINT WARNING * * *
Casting: Static Discharge (safe; 3% risk of failure)
Confirm with . or Enter, or press ? or * to list all spells.
You feel a surge of power!
Edmund is struck by an arc of lightning!
Edmund is heavily wounded.
You resist.
You are struck by an arc of lightning.
Edmund is struck by an arc of lightning!
Edmund is severely wounded.
You resist.
You are struck by an arc of lightning.
Edmund is struck by an arc of lightning!
Edmund is almost dead.
The lightning grounds out.
* * * LOW HITPOINT WARNING * * *
Edmund drinks a potion.
Edmund is healed!
Casting: Static Discharge (safe; 3% risk of failure)
Confirm with . or Enter, or press ? or * to list all spells.
You feel a surge of power!
Edmund is struck by an arc of lightning.
Edmund is heavily wounded.
You resist.
You are struck by an arc of lightning.
* * * LOW HITPOINT WARNING * * *
Edmund is struck by an arc of lightning!
Edmund is severely wounded.
You resist.
You are struck by an arc of lightning.
* * * LOW HITPOINT WARNING * * *
The lightning grounds out.
* * * LOW HITPOINT WARNING * * *
Edmund says, "People think my brother is the best.
I think he's crazy."
Edmund barely misses you.
Casting: Static Discharge (safe; 3% risk of failure)
Confirm with . or Enter, or press ? or * to list all spells.
You feel a surge of power!
Edmund is struck by an arc of lightning!
Edmund is almost dead.
You resist.
You are struck by an arc of lightning.
* * * LOW HITPOINT WARNING * * *
The lightning grounds out.
* * * LOW HITPOINT WARNING * * *
Edmund hits you with a +2 dire flail of protection!
You die...

## #.##.# .# #.##.#
.........° .#
#.##.####......#§..
.#
#...............#.#
.#
#####.###.........
.# #.# ......<# .#
#.# [.....# .#
####.#####....####
.#
#......(..@......#
.#
#.##.#.###@#####..
.#### # #.#.# #.#
....# #.#.# #.#
.##.# ..... ..#
.##.# #.#.# #.#
.##.# #.#.# #..
.##.# #.#.# ##.
.##.#


You could see Edmund.

Vanquished Creatures
  Jessica (D:3)
  An orc wizard (D:3)
  4 adders
  2 worms
  2 dart slugs
  10 orcs
  7 bats
  6 endoplasms
  2 giant cockroaches
  6 goblins
  4 hobgoblins
  2 quokkas
  4 ball pythons
  4 frilled lizards
  8 kobolds
  4 rats
67 creatures vanquished.

Notes
Turn   | Place    | Note
-------+----------+-------------------------------------------
     0 | D:1      | RascalDebosk the Djinni Air Elementalist began the quest
                  | for the Orb.
     0 | D:1      | RascalDebosk set off with the following spells memorised:
                  | Shock, Static Discharge, Swiftness, Airstrike.
     0 | D:1      | Reached XP level 1. HP: 15/15 MP: 0/0
   256 | D:1      | Reached XP level 2. HP: 17/22 MP: 0/0
   559 | D:1      | Reached skill level 1 in Fighting
   948 | D:1      | Reached XP level 3. HP: 21/27 MP: 0/0
   948 | D:1      | Learned a level 1 spell: Magic Dart
   963 | D:1      | Reached skill level 3 in Spellcasting
  1003 | D:1      | Found a faded altar of an unknown god.
  1925 | D:2      | Reached XP level 4. HP: 24/32 MP: 0/0
  2609 | D:3      | Noticed Jessica
  2614 | D:3      | Killed Jessica
  2788 | D:3      | Reached XP level 5. HP: 28/38 MP: 0/0
  2788 | D:3      | Learned a level 2 spell: Searing Ray
  2983 | D:3      | Found an opulent altar of Gozag.
  3419 | D:3      | Reached skill level 4 in Spellcasting
  3752 | D:4      | Identified the +1 robe of the Vaults {rElec rPois rC++
                  | Int-5}
  3917 | D:4      | Noticed Edmund
  3926 | D:4      | Slain by Edmund

Illustrated notes

Levels and vault maps discovered:
D:1:      amcnicky_arrival_choice, layout_loops_cross,
          dreamdust_ecumenical_altar_statues, minmay_octomino_c4
D:2:      layout_loops_corners
D:3:      layout_basic, grunt_gozag_breadcrumbs, kennysheep_jessica_study
D:4:      layout_loops_ring, fiery_altar_vehumet, serial_shops,
          nicolae_shop_hallway_plus, uniq_grinder, uniq_edmund

Skill      XL: |  1  2  3  4  5 |
---------------+----------------+-----
Fighting       | 1 2 |  2.6
Spellcasting   | 3 4 |  4.0
Staves         | |  0.2
Dodging        | |  2.1
Stealth        | |  1.5

Action                   |  1- 3 |  4- 6 || total
-------------------------+-------+-------++-------
Melee: Staff             |       |     1 ||     1
 Cast: Shock             |    69 |    71 ||   140
       Static Discharge  |     2 |     8 ||    10
       Swiftness         |       |     2 ||     2
       Airstrike         |       |     1 ||     1
Armor: Robe              |     1 |       ||     1
Dodge: Dodged            |     1 |     4 ||     5
